 Dungeon Crawl Stone Soup version 0.29-a0-88-g03a7b78be7 (webtiles) character file.

Game seed: 11119309818102751520

357 dmks the Magician (level 6, -9/40 HPs)
             Began as a Djinni Fire Elementalist on Feb 5, 2022.
             Mangled by Edmund (12 damage)
             ... on level 4 of the Dungeon.
             The game lasted 00:10:35 (5658 turns).

dmks the Magician (Djinni Fire Elementalist)        Turns: 5658, Time: 00:10:35

Health: -9/40      AC:  2    Str:  7    XL:     6   Next: 96%
Gold:   142        EV: 12    Int: 18    God:
                   SH:  0    Dex: 14

rFire   + + .      SeeInvis .   (no weapon)
rCold   x . .      Faith    .   (no shield)
rNeg    . . .      Spirit   .   a - +0 robe
rPois   ∞          Reflect  .   (no helmet)
rElec   .          Harm     .   (no cloak)
rCorr   .          Rampage  .   (no gloves)
Will    .....                   (boots unavailable)
Stlth   ++........              (no amulet)
HPRegen 0.13/turn               (no ring)
MPRegen 0.00/turn               (no ring)

@: flying
A: sickness immunity, fire resistance 2, cold vulnerability 1, float, innate
caster, HP casting, extra vitality 1
a: no special abilities


You were on level 4 of the Dungeon.
You visited 1 branch of the dungeon, and saw 4 of its levels.

You collected 142 gold pieces.

Inventory:

Missiles
 j - a throwing net {!f}
Armour
 a - a +0 robe (worn)
 i - a +0 helmet
   (You found it on level 4 of the Dungeon)
Scrolls
 e - 2 scrolls of immolation {unknown}
 f - a scroll of identify {unknown}
 g - a scroll of amnesia
Potions
 b - a potion of ambrosia {unknown}
 c - a potion of attraction {unknown}
 d - a potion of might {unknown}
 h - a potion of lignification {unknown}


   Skills:
 - Level 2.1 Dodging
 - Level 1.5 Stealth
 + Level 5.6 Spellcasting


You couldn't memorise any spells.
You knew the following spells:

 Your Spells              Type           Power      Damage    Failure   Level
a - Foxfire               Conj/Fire      100%       2x1d9     1%          1
b - Scorch                Fire           50%        2d7       1%          2
c - Inner Flame           Hex/Fire       25%        N/A       3%          3
d - Conjure Flame         Conj/Fire      25%        6-21      3%          3
e - Flame Wave            Conj/Fire      25%        2d7       12%         4
f - Shock                 Conj/Air       100%       1d9       1%          1
g - Corpse Rot            Necr/Air       50%        N/A       1%          2
Your spell library was empty.

Dungeon Overview and Level Annotations

Branches:
Dungeon (4/15)
 Temple: D:4-7

Altars:
Xom

Annotations:
D:2 1 runed translucent door, Crazy Yiuf
D:3 Sigmund
D:4 Edmund, Grinder


Innate Abilities, Weirdness & Mutations

You are immune to sickness and miasma.
You are immune to poison.
Your flesh is very heat resistant. (rF++)
You are vulnerable to cold. (rC-)
You float through the air rather than walking.
You learn spells naturally, not from books.
Your magical power is your life essence.
You have superior vitality. (+4 MHP)


Message History

j - a throwing net {!f} Grinder comes into view.
Things that are here:
a +0 flail; a +0 hand axe; a +0 leather armour
There is a stone staircase leading up here.
You start resting.
Grinder is nearby!
You can't go down here!
You fly upwards.
Level annotation: Sigmund
There is a stone staircase leading down here.
You start resting.
There is a stone staircase leading down here.
You see here a +2 spear of chaos.
You fly downwards.
Level annotation: Edmund, Grinder
There is a stone staircase leading up here.
e - 2 scrolls labelled OJAIJU BIPODU (gained 1)
Found 9 gold pieces.
You now have 142 gold pieces (gained 9).
A rock wall.
Edmund zaps a wand.
The puff of flame hits you. You resist.
You conjure some foxfire!
Edmund zaps a wand.
The puff of flame hits you. You resist.
The foxfire hits Edmund.
The foxfire hits Edmund!
You conjure some foxfire!
The foxfire hits Edmund.
The foxfire hits Edmund but does no damage.
Edmund zaps a wand.
The puff of flame hits you. You resist.
You conjure some foxfire!
The foxfire hits Edmund.
Things that are here:
3 stones; a +0 club
There is a stone staircase leading up here.
Flames lash Edmund.
Edmund's fire resistance burns away.
Edmund hits you with a +1 flail of draining.
Edmund closely misses you.
Flames lash Edmund.
Edmund is burned terribly!
Edmund closely misses you.
Edmund hits you with a +1 flail of draining!
* * * LOW HITPOINT WARNING * * *
Flames lash Edmund.
Edmund is burned terribly!
* * * LOW HITPOINT WARNING * * *
Edmund hits you with a +1 flail of draining!
* * * LOW HITPOINT WARNING * * *
Edmund hits you with a +1 flail of draining!
You die...

#.....#############
#..................
##########........@..#
#..............#####.#
#.########.....# #...
#.# ###.### #.@.# #.#
#.# ##..# #.# #@# ...
#.# #@# ..## #.# #.#
..# ##.## #.# #...##
#.# ###)#
#..###.########.#......
#.. #.................
## #.#######.##.###.#
.... #.......# #.....
##....###


You could see Edmund (combustible).

Vanquished Creatures
  A scorpion (D:3)
  A howler monkey (D:4)
  A jelly (D:4)
  Terence (D:3)
  An orc wizard (D:3)
  6 gnolls
  3 adders (D:3)
  An adder skeleton (D:4)
  2 worms (D:3)
  4 dart slugs
  13 orcs
  5 ball pythons
  9 endoplasms
  A giant cockroach (D:2)
  7 goblins
  3 hobgoblins
  A quokka (D:3)
  2 bats (D:2)
  3 frilled lizards
  6 kobolds
  4 rats
75 creatures vanquished.

Vanquished Creatures (others)
  261 foxfires
261 creatures vanquished.

Grand Total: 336 creatures vanquished

Notes
Turn   | Place    | Note
-------+----------+-------------------------------------------
     0 | D:1      | dmks the Djinni Fire Elementalist began the quest for the
                  | Orb.
     0 | D:1      | Reached XP level 1. HP: 15/15 MP: 0/0
   249 | D:1      | Reached XP level 2. HP: 17/21 MP: 0/0
  1241 | D:2      | Reached skill level 3 in Spellcasting
  1658 | D:2      | Reached XP level 3. HP: 23/25 MP: 0/0
  1658 | D:2      | Learned a level 1 spell: Shock
  1792 | D:2      | Found a faded altar of an unknown god.
  2378 | D:2      | Found a runed translucent door.
  2379 | D:2      | Noticed Crazy Yiuf
  2529 | D:3      | Noticed Sigmund
  2699 | D:3      | Noticed Terence
  2984 | D:3      | Reached XP level 4. HP: 28/31 MP: 0/0
  3200 | D:3      | Reached skill level 4 in Spellcasting
  3204 | D:3      | Reached XP level 5. HP: 14/35 MP: 0/0
  3204 | D:3      | Learned a level 2 spell: Corpse Rot
  4192 | D:3      | Found a shimmering altar of Xom.
  4269 | D:3      | Killed Terence
  4566 | D:3      | Reached skill level 5 in Spellcasting
  4566 | D:3      | Reached XP level 6. HP: 36/40 MP: 0/0
  4870 | D:4      | Noticed Edmund
  5516 | D:4      | Noticed Grinder
  5658 | D:4      | Mangled by Edmund

Illustrated notes

Levels and vault maps discovered:
D:1:      scummos_arrival_forest, layout_basic, grunt_decor_resistance
D:2:      layout_loops_cross, hellmonk_ecumenical_altar_pennies_from_heaven,
          kennysheep_generic_room_4, uniq_crazy_yiuf_cottage
D:3:      layout_basic, tgw_xom, kennysheep_small_spiral, uniq_terence,
          uniq_sigmund
D:4:      layout_loops_ring, nicolae_overflow_squiral, temple_hall,
          nicolae_figureground_pulse, uniq_edmund, uniq_grinder

Skill      XL: |  1  2  3  4  5 |
---------------+----------------+-----
Spellcasting   | 3 4 5 |  5.6
Dodging        | |  2.1
Stealth        | |  1.5

Action                   |  1- 3 |  4- 6 || total
-------------------------+-------+-------++-------
 Cast: Foxfire           |    87 |    72 ||   159
       Scorch            |     9 |    26 ||    35
       Shock             |     1 |       ||     1
       Corpse Rot        |       |     1 ||     1
       Inner Flame       |       |     2 ||     2
  Use: Scroll            |       |     1 ||     1
Armor: Robe              |     4 |     2 ||     6
Dodge: Dodged            |    16 |    26 ||    42

Table legend: (Time is in decaauts)
 A = Elapsed time spent in this place.
 B = Non-inter-level travel time spent in this place.
 C = Inter-level travel time spent in this place.
 D = Time resting spent in this place.
 E = Time spent auto-exploring this place.
 F = Levels seen in this place.
 G = Mean time per level.
                   A        B        C        D        E       F      G
               +--------+--------+--------+--------+--------+-----+--------+
         Total |   5668 |   5525 |    143 |   1662 |   2760 |   4 | 1417.0 |
       Dungeon |   5668 |   5525 |    143 |   1662 |   2760 |   4 | 1417.0 |
               +--------+--------+--------+--------+--------+-----+--------+

Top non-repeatable levels by time:
     D:3: 2008 daAuts
     D:2: 1993 daAuts
     D:1: 1216 daAuts
     D:4: 450 daAuts
